 Dungeon Sprint DCSS version 0.22.0-16-gc6d26f6 (webtiles) character file.

56 poirepourri the Basher (level 7, -9/41 HPs)
             Began as a Gargoyle Fighter on Aug 17, 2018.
             Was a Priest of Cheibriados.
             Mangled by an orange demon (10 damage)
             ... in the Dungeon (Sprint VI: "Thunderdome").
             The game lasted 00:02:07 (390 turns).

poirepourri the Basher (Gargoyle Fighter)            Turns: 390, Time: 00:02:08

Health: -9/41      AC: 11    Str: 32    XL:     7   Next: 40%
Magic:  7/7        EV:  7    Int: 24    God:    Cheibriados [***...]
Gold:   100        SH: 14    Dex: 21    Spells: 6/6 levels left

rFire    . . .     SeeInvis .   a - +0 flail
rCold    x . .     Gourm    .   c - +0 shield
rNeg     + + +     Faith    .   b - +0 scale mail
rPois    ∞         Spirit   .   (no helmet)
rElec    +         Reflect  +   (no cloak)
rCorr    .         Harm     .   (no gloves)
MR       .....     NoTele   +   (no boots)
Stlth    ..........             p - amulet of Darkness {Reflect Int+2 SH+3}
HPRegen  0.13/turn              q - ring of Avyet {rElec rC- rN+ Int+2 Dex+2}
MPRegen  0.10/turn              s - ring of Propriety {Wiz rElec rN++ Int+3}

@: mighty, weakened, very slow
A: negative energy resistance 1, electricity resistance, unbreathing,
petrification resistance, rot immunity, AC +4
a: Bend Time, Temporal Distortion, Renounce Religion


You were in the Dungeon.
You worshipped Cheibriados.
Cheibriados was most pleased with you.
You were not hungry.

You visited 1 branch You collected 280 gold pieces.
You spent 180 gold pieces at shops.

Inventory:

Hand Weapons
 a - a +0 flail (weapon)
Armour
 b - a +0 scale mail (worn)
 c - a +0 shield (worn)
Jewellery
 p - the amulet of Darkness (around neck) {Reflect Int+2 SH+3}
   (You bought it in a shop in the Dungeon)

   [amulet of reflection]

   It shields you and reflects attacks.
   It affects your intelligence (+2).
   It affects your SH (+3).
 q - the ring of Avyet (left hand) {rElec rC- rN+ Int+2 Dex+2}
   (You bought it in a shop in the Dungeon)

   [ring of positive energy]

   It affects your intelligence (+2).
   It affects your dexterity (+2).
   It makes you vulnerable to cold.
   It insulates you from electricity.
   It protects you from negative energy.
 r - the ring "Udohurap" {Ice MR+}
   (You bought it in a shop in the Dungeon)

   [ring of ice]

   It enhances your ice magic.
   It makes you vulnerable to fire.
   It protects you from cold.
   It affects your resistance to hostile enchantments.
 s - the ring of Propriety (right hand) {Wiz rElec rN++ Int+3}
   (You bought it in a shop in the Dungeon)

   [ring of wizardry]

   It improves your spell success rate.
   It affects your intelligence (+3).
   It insulates you from electricity.
   It greatly protects you from negative energy.
Wands
 m - a wand of acid (3)
 n - a wand of iceblast (5)
Scrolls
 k - 4 scrolls of blinking
 o - 3 scrolls of fog
Potions
 h - 4 potions of haste
 i - 2 potions of magic
 j - a potion of berserk rage
 l - a potion of resistance
Comestibles
 f - a ration


   Skills:
 - Level 3.2 Fighting
 + Level 14.8 Maces & Flails
 - Level 3.2 Armour
 - Level 3.2 Shields


You had 6 spell levels left.
You didn't know any spells.
Your spell library was empty.

Dungeon Overview and Level Annotations

Branches:
Dungeon (1/1)

Altars:
Cheibriados
Dithmenos
Fedhas
Gozag
Kikubaaqudgha
Makhleb
Okawaru
Qazlal
Ru
Sif Muna
Trog
Uskayaw
Vehumet
Wu Jian
Xom
Yredelemnul
Zin
The Shining One
Beogh
Jiyva
Lugonu

Shops:
D *[%??*?*:[((!!!!


Innate Abilities, Weirdness & Mutations

You are resistant to torment.
Your stone body is resilient. (AC +4)
You are immune to poison.
You resist negative energy. (rN+)
You are resistant to electric shocks. (rElec)
You can survive without breathing.
You are immune to petrification.
You are immune to rotting.


Message History

Aiming: Corrosive Bolt
Press: ? - help, Shift-Dir - straight line, f - hellwing
Aim: a hellwing (lightly wounded)
The bolt of acid hits the hellwing.
The hellwing is splashed with acid.
The acid corrodes the hellwing!
The hellwing is heavily wounded.
You block the hellwing's attack. x2; The orange demon stings you from afar.
* * * LOW HITPOINT WARNING * * *
The orange demon barely misses you.
Unknown command.
Evoke which item? (* to show all) (? for menu, Esc to quit)
Aiming: Corrosive Bolt
Press: ? - help, Shift-Dir - straight line, f/p - hellwing
Aim: a hellwing (heavily wounded, covered in acid)
The bolt of acid hits the hellwing.
The hellwing is splashed with acid.
The acid corrodes the hellwing!
The hellwing is severely wounded.
The hellwing barely misses you. You block the hellwing's attack.
You block the orange demon's attack. The orange demon stings you from afar!
You die...

....###......__.∩##
..8.# #.8........∩###
....###.............##
.###...###..........⌠#
.# #.<.# #........[.§#
.###...###......†...⌠#
....###.......4.....##
..8.# #.8.....4..4###
....###......__4@##
8.........8.######
...........⌠#
#.....†...###
#_......._#
#_......._#
#_......._#
#∩.......∩#
##∩.....∩##


You could see 2 orange demons, a hellwing and an ice devil.

Vanquished Creatures
  An orange demon (D)
  A porcupine (D)
  Purgy (D)
  A scorpion (D)
  Terence (D)
  A river rat (D)
  An adder (D)
  A dart slug (D)
  3 quokkas (D)
  2 bats (D)
13 creatures vanquished.

Notes
Turn   | Place    | Note
-------+----------+-------------------------------------------
     0 | D        | poirepourri the Gargoyle Fighter began the quest for the Orb.
     0 | D        | Reached XP level 1. HP: 14/14 MP: 1/1
     3 | D        | Found a stormy altar of Qazlal.
     3 | D        | Found a shimmering altar of Xom.
     4 | D        | Found a glowing golden altar of the Shining One.
     4 | D        | Found a bloodstained altar of Trog.
     5 | D        | Found a radiant altar of Vehumet.
     5 | D        | Round 1.
     6 | D        | Found Riryst's Delicious Food.
     6 | D        | Found a corrupted altar of Lugonu.
     6 | D        | Found Eruajeod's Identification Station.
     7 | D        | Found Dijoilen's Jewellery.
     7 | D        | Found Erphaw's Advanced Armour.
    16 | D        | Bought a slimy tin amulet for 45 gold pieces
    16 | D        | Bought an ancient pewter ring for 45 gold pieces
    16 | D        | Bought a transparent iron ring for 45 gold pieces
    16 | D        | Identified the ring of Avyet {rElec rC- rN+ Int+2 Dex+2} (You bought it in a shop in the Dungeon)
    17 | D        | Identified the ring "Udohurap" {Ice MR+} (You bought it in a shop in the Dungeon)
    18 | D        | Identified the amulet of Darkness {Reflect Int+2 SH+3} (You bought it in a shop in the Dungeon)
    19 | D        | Bought a twitching lapis lazuli ring for 45 gold pieces
    20 | D        | Identified the ring of Propriety {Wiz rElec rN++ Int+3} (You bought it in a shop in the Dungeon)
   128 | D        | Reached skill level 4 in Maces & Flails
   128 | D        | Reached XP level 2. HP: 16/19 MP: 2/2
   131 | D        | Found an ancient bone altar of Kikubaaqudgha.
   133 | D        | Noticed Terence
   134 | D        | Found Ikhiurack's Magic Scroll Shop.
   135 | D        | Found an ornate altar of the Wu Jian Council.
   135 | D        | Found a snail-covered altar of Cheibriados.
   135 | D        | Found a viscous altar of Jiyva.
   135 | D        | Found Faohiv's Staff Store.
   135 | D        | Found Rakualif's Magic Scroll Shop.
   135 | D        | Found Fayggaa's Must-Have Magic.
   149 | D        | Killed Terence
   149 | D        | Reached skill level 6 in Maces & Flails
   149 | D        | Reached XP level 3. HP: 19/23 MP: 3/3
   150 | D        | Noticed a scorpion
   153 | D        | Found a deep blue altar of Sif Muna.
   164 | D        | Killed a scorpion
   164 | D        | Reached skill level 8 in Maces & Flails
   164 | D        | Reached XP level 4. HP: 22/28 MP: 4/4
   168 | D        | Became a worshipper of Cheibriados the Contemplative
   173 | D        | Reached * piety under Cheibriados
   173 | D        | Arena points: 14 (+14) [x2]
   174 | D        | Found a burning altar of Makhleb.
   179 | D        | Found Gaygh's Distillery.
   180 | D        | Found Kaapyn's Distillery.
   180 | D        | Found Vin Seud's Bottled Wisdom.
   181 | D        | Found a glowing silver altar of Zin.
   181 | D        | Found a shadowy altar of Dithmenos.
   181 | D        | Found a hide-covered altar of Uskayaw.
   181 | D        | Found Oroa's Do-It-Yourself Clinic.
   193 | D        | Round 2.
   193 | D        | Noticed Purgy
   213 | D        | Killed Purgy
   213 | D        | Reached skill level 11 in Maces & Flails
   213 | D        | Reached XP level 5. HP: 31/32 MP: 5/5
   215 | D        | Reached ** piety under Cheibriados
   220 | D        | Found an opulent altar of Gozag.
   222 | D        | Found a sacrificial altar of Ru.
   222 | D        | Found a blossoming altar of Fedhas.
   222 | D        | Found Gofusur's Weapon Rack.
   222 | D        | Found Zoxan's Basic Armour.
   223 | D        | Found Moukaxurch's Miscellaneous Merchandise.
   224 | D        | Found a basalt altar of Yredelemnul.
   224 | D        | Found an iron altar of Okawaru.
   224 | D        | Found a roughly hewn altar of Beogh.
   224 | D        | Found Ruutyju's Premium Goods.
   281 | D        | Noticed a porcupine
   284 | D        | Reached *** piety under Cheibriados
   286 | D        | Killed a porcupine
   286 | D        | Arena points: 56 (+42) [x3]
   286 | D        | Reached skill level 12 in Maces & Flails
   286 | D        | Reached XP level 6. HP: 27/37 MP: 6/6
   328 | D        | Round 3.
   329 | D        | Noticed an orange demon
   352 | D        | Killed an orange demon
   352 | D        | Reached skill level 14 in Maces & Flails
   352 | D        | Reached XP level 7. HP: 32/41 MP: 7/7
   355 | D        | Noticed a hellwing
   356 | D        | Noticed an orange demon
   384 | D        | Noticed an orange demon
   384 | D        | HP: 2/41 [orange demon (2)]
   388 | D        | Noticed an ice devil
   389 | D        | HP: 1/41 [orange demon (6)]
   390 | D        | Mangled by an orange demon

Skill      XL: |  1  2  3  4  5  6 |
---------------+-------------------+-----
Maces & Flails | 4 6 8 11 12 14 | 14.8
Fighting       | |  3.2
Armour         | |  3.2
Shields        | |  3.2

Action                   |  1- 3 |  4- 6 |  7- 9 || total
-------------------------+-------+-------+-------++-------
Melee: Flail             |    28 |    47 |    22 ||    97
Evoke: Wand              |       |       |     2 ||     2
  Use: Potion            |       |     2 |     4 ||     6
Armor: Scale mail        |    17 |    42 |    13 ||    72
Dodge: Dodged            |    14 |    19 |    16 ||    49
Block: Shield            |    24 |    48 |    37 ||   109
